BR
PUEBLO PRAIRIE DOGS @ PALMYRA OVERLORDS
09/20/2027
 
TOP OF THE 1ST
Pueblo Prairie Dogs batting - Pitching for Palmyra Overlords : RHP Mario García
Pitching: RHP Mario García
Batting: LHB Bob Campbell 0-0: Ball
1-0: Ball
2-0: Fly out, F7 (Flyball, 7)
Batting: RHB Shigekazu Kaneko 0-0: Fly out, F2 (Popup, 23)
Batting: LHB Derrek Robinson 0-0: Fly out, F4 (Popup, 4MD)
Top of the 1st over - 0 run(s), 0 hit(s), 0 error(s), 0 left on base; Pueblo 0 - Palmyra 0
BOTTOM OF THE 1ST
Palmyra Overlords batting - Pitching for Pueblo Prairie Dogs : LHP Patrick Carlson
Pitching: LHP Patrick Carlson
Batting: LHB Mauro López 0-0: Called Strike
0-1: Called Strike
0-2: Ball
1-2: Fly out, F7 (Flyball, 7LSF)
Batting: RHB Will Anderson 0-0: Swinging Strike
0-1: Called Strike
0-2: Foul Ball, location: 2F
0-2: Foul Ball, location: 2F
0-2: Strikes out swinging
Batting: RHB David Rodríguez 0-0: Foul Ball, location: 2F
0-1: Ground out 1-3 (Groundball, P)
Bottom of the 1st over - 0 run(s), 0 hit(s), 0 error(s), 0 left on base; Pueblo 0 - Palmyra 0
TOP OF THE 2ND
Pueblo Prairie Dogs batting - Pitching for Palmyra Overlords : RHP Mario García
Batting: RHB Clancy Castro 0-0: Ball
1-0: Ball
2-0: Foul Ball, location: 2F
2-1: Ground out 6-3 (Groundball, 6)
Batting: RHB Jason Fuller 0-0: Called Strike
0-1: Fly out, F5 (Popup, 56)
Batting: RHB Manny Herrera 0-0: Ball
1-0: Ball
2-0: Foul Ball, location: 2F
2-1: Swinging Strike
2-2: Strikes out swinging
Top of the 2nd over - 0 run(s), 0 hit(s), 0 error(s), 0 left on base; Pueblo 0 - Palmyra 0
BOTTOM OF THE 2ND
Palmyra Overlords batting - Pitching for Pueblo Prairie Dogs : LHP Patrick Carlson
Batting: LHB Ramón Morán 0-0: Ball
1-0: Called Strike
1-1: Swinging Strike
1-2: Foul Ball, location: 2F
1-2: SINGLE (Line Drive, 34D)
Batting: RHB José Gonzáles 0-0: Ball
1-0: Fly out, F9 (Flyball, 9D)
Batting: RHB José Acuña 0-0: Called Strike
0-1: Foul Ball, location: 2F
0-2: Ball
Ramón Morán is caught stealing 2nd base
1-2: Ball
2-2: Strikes out looking
Bottom of the 2nd over - 0 run(s), 1 hit(s), 0 error(s), 0 left on base; Pueblo 0 - Palmyra 0
TOP OF THE 3RD
Pueblo Prairie Dogs batting - Pitching for Palmyra Overlords : RHP Mario García
Batting: RHB Eric Barthorpe 0-0: Ground out 6-3 (Groundball, 6)
Batting: RHB José García 0-0: SINGLE (Groundball, 6MD)
Batting: RHB Ánibal Barrios 0-0: Grounds into double play, 6-4-3 (Groundball, 6M)
Top of the 3rd over - 0 run(s), 1 hit(s), 0 error(s), 0 left on base; Pueblo 0 - Palmyra 0
BOTTOM OF THE 3RD
Palmyra Overlords batting - Pitching for Pueblo Prairie Dogs : LHP Patrick Carlson
Batting: SHB Travis Martin 0-0: Called Strike
0-1: Ball
1-1: Ball
2-1: Foul Ball, location: 2F
2-2: Ball
3-2: Ground out 4-3 (Groundball, 4)
Batting: RHB Mason Melton 0-0: Called Strike
0-1: SINGLE (Line Drive, 8RM)
Batting: LHB Jerry Tolbert 0-0: Foul Ball, location: 2F
0-1: Foul Ball, location: 2F
0-2: Strikes out swinging
Batting: LHB Mauro López 0-0: Called Strike
0-1: Foul Ball, location: 2F
0-2: Ball
1-2: Foul Ball, location: 2F
1-2: SINGLE (Groundball, 34D)
Mason Melton to second
Runner from 2nd tries for 3rd, SAFE, throw made to third
Mauro López to second
Batting: RHB Will Anderson 0-0: Ground out 6-3 (Groundball, 6)
Bottom of the 3rd over - 0 run(s), 2 hit(s), 0 error(s), 2 left on base; Pueblo 0 - Palmyra 0
TOP OF THE 4TH
Pueblo Prairie Dogs batting - Pitching for Palmyra Overlords : RHP Mario García
Batting: LHB Bob Campbell 0-0: Called Strike
0-1: Ball
1-1: Swinging Strike
1-2: Foul Ball, location: 2F
1-2: Foul Ball, location: 2F
1-2: Ball
2-2: TRIPLE (Flyball, 8LD)
Batting: RHB Shigekazu Kaneko 0-0: Ball
1-0: Foul Ball, location: 2F
1-1: Ball
2-1: Ball
3-1: Base on Balls
Batting: LHB Derrek Robinson 0-0: Ground out 5-3 (Groundball, 2L)
Shigekazu Kaneko to second
Batting: RHB Clancy Castro 0-0: Ball
1-0: Fly out, F9 (Flyball, 9)
Runner from 3rd tags up, SCORES, no throw
Batting: RHB Jason Fuller 0-0: Called Strike
0-1: Ball
Wild Pitch!
Shigekazu Kaneko to third
1-1: Swinging Strike
1-2: Ball
2-2: Strikes out swinging
Top of the 4th over - 1 run(s), 1 hit(s), 0 error(s), 1 left on base; Pueblo 1 - Palmyra 0
BOTTOM OF THE 4TH
Palmyra Overlords batting - Pitching for Pueblo Prairie Dogs : LHP Patrick Carlson
Batting: RHB David Rodríguez 0-0: Ball
1-0: Called Strike
1-1: Ball
2-1: Foul Ball, location: 2F
2-2: Ground out 6-3 (Groundball, 6)
Batting: LHB Ramón Morán 0-0: Fly out, F8 (Line Drive, 8RM)
Batting: RHB José Gonzáles 0-0: Called Strike
0-1: Ground out 3-1 (Groundball, 34S)
Bottom of the 4th over - 0 run(s), 0 hit(s), 0 error(s), 0 left on base; Pueblo 1 - Palmyra 0
TOP OF THE 5TH
Pueblo Prairie Dogs batting - Pitching for Palmyra Overlords : RHP Mario García
Batting: RHB Manny Herrera 0-0: Foul Ball, location: 2F
0-1: Ball
1-1: Foul Ball, location: 2F
1-2: Ball
2-2: Ball
3-2: Strikes out swinging
Batting: RHB Eric Barthorpe 0-0: Called Strike
0-1: Ball
1-1: Swinging Strike
1-2: Strikes out swinging
Batting: RHB José García 0-0: Ball
1-0: Ball
2-0: Ball
3-0: Called Strike
3-1: Foul Ball, location: 2F
3-2: Strikes out swinging
Top of the 5th over - 0 run(s), 0 hit(s), 0 error(s), 0 left on base; Pueblo 1 - Palmyra 0
BOTTOM OF THE 5TH
Palmyra Overlords batting - Pitching for Pueblo Prairie Dogs : LHP Patrick Carlson
Batting: RHB José Acuña 0-0: Called Strike
0-1: Ball
1-1: Ground out 6-3 (Groundball, 6MS)
Batting: SHB Travis Martin 0-0: Ball
1-0: Ball
2-0: Called Strike
2-1: Foul Ball, location: 2F
2-2: Ball
3-2: Foul Ball, location: 2F
3-2: Fly out, F8 (Flyball, 8LM)
Batting: RHB Mason Melton 0-0: Ball
1-0: Foul Ball, location: 2F
1-1: Swinging Strike
1-2: Fly out, F9 (Flyball, 9S)
Bottom of the 5th over - 0 run(s), 0 hit(s), 0 error(s), 0 left on base; Pueblo 1 - Palmyra 0
TOP OF THE 6TH
Pueblo Prairie Dogs batting - Pitching for Palmyra Overlords : RHP Mario García
Batting: RHB Ánibal Barrios 0-0: Ball
1-0: SINGLE (Groundball, 56) (infield hit)
Batting: LHB Bob Campbell 0-0: Called Strike
0-1: Ball
Ánibal Barrios steals 2nd base
1-1: Intentional Walk
Batting: RHB Shigekazu Kaneko 0-0: Called Strike
0-1: Swinging Strike
0-2: Ball
1-2: Ball
2-2: Strikes out swinging
Batting: LHB Derrek Robinson 0-0: Ball
1-0: Called Strike
1-1: Called Strike
1-2: Foul Ball, location: 2F
1-2: Ball
2-2: Fly out, F8 (Flyball, 8RM)
Batting: RHB Clancy Castro 0-0: Ball
1-0: Swinging Strike
1-1: Ball
2-1: Ball
3-1: Foul Ball, location: 2F
3-2: Strikes out swinging
Top of the 6th over - 0 run(s), 1 hit(s), 0 error(s), 2 left on base; Pueblo 1 - Palmyra 0
BOTTOM OF THE 6TH
Palmyra Overlords batting - Pitching for Pueblo Prairie Dogs : LHP Patrick Carlson
Batting: LHB Jerry Tolbert 0-0: Swinging Strike
0-1: Ball
1-1: Foul Ball, location: 2F
1-2: Ball
2-2: Strikes out swinging
Batting: LHB Mauro López 0-0: Ball
1-0: Ball
2-0: Ground out 6-3 (Groundball, 6)
Batting: RHB Will Anderson 0-0: Ball
1-0: Called Strike
1-1: Called Strike
1-2: Ball
2-2: Foul Ball, location: 2F
2-2: Foul Ball, location: 2F
2-2: Ball
3-2: Foul Ball, location: 2F
3-2: Foul Ball, location: 2F
3-2: Base on Balls
Pitching: RHP Cristo Balderas
Batting: RHB David Rodríguez 0-0: Foul Ball, location: 2F
0-1: Ball
1-1: SINGLE (Flyball, 8LS)
Will Anderson to second
Runner from 2nd tries for 3rd, SAFE, no throw
Batting: LHB Ramón Morán 0-0: Ball
1-0: Ball
2-0: SINGLE (Groundball, 5D)
Will Anderson scores
David Rodríguez to second
Batting: RHB José Gonzáles 0-0: Ball
1-0: Called Strike
1-1: SINGLE (Line Drive, 56)
David Rodríguez to third
Ramón Morán to second
Runner from 3rd tries for Home, SAFE, no throw
Batting: RHB José Acuña 0-0: Ball
1-0: Ground out 6-3 (Groundball, 6S)
Bottom of the 6th over - 2 run(s), 3 hit(s), 0 error(s), 2 left on base; Pueblo 1 - Palmyra 2
TOP OF THE 7TH
Pueblo Prairie Dogs batting - Pitching for Palmyra Overlords : RHP Mario García
Batting: RHB Jason Fuller 0-0: Called Strike
0-1: Fly out, F2 (Popup, 23)
Pitching: RHP Broderick Miller
Batting: RHB Manny Herrera 0-0: Fly out, F8 (Flyball, 8RD)
Batting: RHB Eric Barthorpe 0-0: Ball
1-0: Called Strike
1-1: Fly out, F9 (Flyball, 9)
Top of the 7th over - 0 run(s), 0 hit(s), 0 error(s), 0 left on base; Pueblo 1 - Palmyra 2
BOTTOM OF THE 7TH
Palmyra Overlords batting - Pitching for Pueblo Prairie Dogs : RHP Cristo Balderas
Batting: SHB Travis Martin 0-0: Ball
1-0: Ball
2-0: Swinging Strike
2-1: Called Strike
2-2: Ball
3-2: Foul Ball, location: 2F
3-2: Foul Ball, location: 2F
3-2: Strikes out swinging
Batting: RHB Mason Melton 0-0: Foul Ball, location: 2F
0-1: Ball
1-1: Ball
2-1: Ground out 6-3 (Groundball, 6)
Batting: LHB Jerry Tolbert 0-0: Called Strike
0-1: Ball
1-1: Called Strike
1-2: Foul Ball, location: 2F
1-2: Fly out, F9 (Flyball, 9)
Bottom of the 7th over - 0 run(s), 0 hit(s), 0 error(s), 0 left on base; Pueblo 1 - Palmyra 2
TOP OF THE 8TH
Pueblo Prairie Dogs batting - Pitching for Palmyra Overlords : RHP Broderick Miller
Pitching: RHP Jack Bass
Batting: RHB José García 0-0: Ball
1-0: Foul Ball, location: 2F
1-1: Reached on error, E7 (Flyball, 78D)
Pinch Hitting: SHB José Flores 0-0: Ball
1-0: Swinging Strike
1-1: Ball
2-1: Foul Ball, location: 2F
2-2: Ball
3-2: Base on Balls
Pitching: LHP John Oliver
Batting: LHB Bob Campbell 0-0: Sac Bunt - play at first, batter OUT! 1-4
José García to third
José Flores to second
Batting: RHB Shigekazu Kaneko 0-0: Called Strike
0-1: Ball
1-1: Ball
2-1: Called Strike
2-2: Foul Ball, location: 2F
2-2: Ball
3-2: Foul Ball, location: 2F
3-2: Base on Balls
Batting: LHB Derrek Robinson 0-0: Called Strike
0-1: Ball
1-1: Swinging Strike
1-2: Ball
2-2: Strikes out swinging
Batting: RHB Clancy Castro 0-0: Ball
1-0: Ball
2-0: Ball
3-0: Base on Balls
José García scores
José Flores to third
Shigekazu Kaneko to second
Batting: RHB Jason Fuller 0-0: Ball
1-0: Hit by Pitch
José Flores scores
Shigekazu Kaneko to third
Clancy Castro to second
Batting: RHB Manny Herrera 0-0: Ball
1-0: Ball
2-0: Fly out, F7 (Flyball, 78M)
Top of the 8th over - 2 run(s), 0 hit(s), 1 error(s), 3 left on base; Pueblo 3 - Palmyra 2
BOTTOM OF THE 8TH
Palmyra Overlords batting - Pitching for Pueblo Prairie Dogs : RHP Cristo Balderas
Pitching: LHP William Romero
Now at SS: José Flores
Batting: LHB Mauro López 0-0: Called Strike
0-1: Foul Ball, location: 2F
0-2: Ball
1-2: Foul Ball, location: 2F
1-2: Ground out 6-3 (Groundball, 6)
Pitching: RHP Julião Edwards
Batting: RHB Will Anderson 0-0: Called Strike
0-1: Swinging Strike
0-2: Ball
1-2: Foul Ball, location: 2F
1-2: Foul Ball, location: 2F
1-2: Foul Ball, location: 2F
1-2: Foul Ball, location: 2F
1-2: Strikes out swinging
Batting: RHB David Rodríguez 0-0: Ball
1-0: Foul Ball, location: 2F
1-1: Foul Ball, location: 2F
1-2: Ball
2-2: Foul Ball, location: 2F
2-2: Ball
3-2: Foul Ball, location: 2F
3-2: Foul Ball, location: 2F
3-2: Foul Ball, location: 2F
3-2: Fly out, F9 (Flyball, 9S)
Bottom of the 8th over - 0 run(s), 0 hit(s), 0 error(s), 0 left on base; Pueblo 3 - Palmyra 2
TOP OF THE 9TH
Pueblo Prairie Dogs batting - Pitching for Palmyra Overlords : LHP John Oliver
Pitching: LHP Jake Davis
Batting: RHB Eric Barthorpe 0-0: Ball
1-0: Ball
2-0: Ground out 1-3 (Groundball, 15S)
Batting: RHB José García 0-0: Foul Ball, location: 2F
0-1: Foul Ball, location: 2F
0-2: Foul Ball, location: 2F
0-2: SINGLE (Groundball, 56D)
Batting: SHB José Flores 0-0: Ball
1-0: Ball
2-0: Ball
3-0: Called Strike
3-1: Swinging Strike
3-2: Fielders Choice at 2nd, 1-4 (Groundball, 15S)
Pinch Hitting: RHB Ian Howard 0-0: Called Strike
0-1: Called Strike
0-2: Strikes out swinging
Top of the 9th over - 0 run(s), 1 hit(s), 0 error(s), 1 left on base; Pueblo 3 - Palmyra 2
BOTTOM OF THE 9TH
Palmyra Overlords batting - Pitching for Pueblo Prairie Dogs : RHP Julião Edwards
Pitching: LHP Keith Burns
Now in RF: Juan Hernández
Pinch Hitting: RHB Spike Kennedy 0-0: Ball
1-0: Called Strike
1-1: Ball
2-1: Foul Ball, location: 2F
2-2: Foul Ball, location: 2F
2-2: Ground out 5-3 (Groundball, 56S)
Pinch Hitting: RHB Lúcio Alfaro 0-0: Called Strike
0-1: Swinging Strike
0-2: Ball
1-2: Ball
2-2: SINGLE (Groundball, 34D)
Pinch Hitting: SHB José Rincón 0-0: Ball
1-0: Called Strike
1-1: Ball
2-1: Fly out, F8 (Flyball, 8RM)
Batting: SHB Travis Martin 0-0: Fly out, F3 (Popup, 3L)
Bottom of the 9th over - 0 run(s), 1 hit(s), 0 error(s), 1 left on base; Pueblo 3 - Palmyra 2
Thursday, March 30th, 2017 - OOTP Baseball 17.12 Build 75